 Dungeon Crawl Stone Soup version 0.26.0-91-g99b343417d (webtiles) character file.

Game seed: 676899109819218580

1524 pokeman the Thaumaturge (level 8, 0/44 HPs)
             Began as a Deep Elf Hedge Wizard on Feb 3, 2021.
             Slain by a sky beast (6 damage)
             ... on level 6 of the Dungeon.
             The game lasted 00:16:19 (6717 turns).

pokeman the Thaumaturge (Deep Elf Hedge Wizard)     Turns: 6717, Time: 00:16:19

Health: 0/44       AC:  8    Str:  7    XL:     8   Next: 54%
Magic:  15/23      EV: 13    Int: 22    God:
Gold:   209        SH:  0    Dex: 20    Spells: 15/26 levels left

rFire    . . .     SeeInvis +   s - +2 scythe (vorpal)
rCold    . . .     Faith    +   (shield currently unavailable)
rNeg     . . .     Spirit   .   F - +2 leather armour {rPois}
rPois    +         Reflect  .   c - +0 hat
rElec    .         Harm     .   y - +2 cloak
rCorr    .         Rampage  .   (no gloves)
Will     .....                  (no boots)
Stlth    ++........             u - amulet of faith
HPRegen  0.14/turn              v - ring of see invisible
MPRegen  0.18/turn              C - +6 ring of dexterity

@: no status effects
A: no striking features
a: no special abilities


You were on level 6 of the Dungeon.
You visited 1 branch of the dungeon, and saw 6 of its levels.
You also visited: Ossuary.

You collected 209 gold pieces.

Inventory:

Hand Weapons
 s - a +2 vorpal scythe (weapon)
 G - a +0 shortbow
Missiles
 h - 80 arrows
 q - 71 bolts
Armour
 a - a +0 leather armour of cold resistance
 c - a +0 hat (worn)
 y - a +2 cloak (worn)
 F - a +2 leather armour of poison resistance (worn)
Jewellery
 d - an uncursed ring of willpower
 u - an amulet of faith (around neck)
 v - a ring of see invisible (left hand)
 C - a +6 ring of dexterity (right hand)
Wands
 p - a wand of random effects (18)
 H - a wand of acid (7)
Scrolls
 e - 6 scrolls of identify {unknown}
 g - a scroll of enchant armour {unknown}
 i - 6 scrolls of teleportation {unknown}
 j - 2 scrolls of magic mapping {unknown}
 m - 3 scrolls of immolation {unknown}
 n - a scroll of fog {unknown}
 z - a scroll of random uselessness {unknown}
 A - a scroll of blinking {unknown}
 D - a scroll of fear {unknown}
 I - 2 scrolls of remove curse {unknown}
 K - a scroll of amnesia {unknown}
Potions
 b - 2 potions of attraction {unknown}
 f - a potion of might
 k - a potion of heal wounds {unknown}
 l - a potion of cancellation {unknown}
 o - 6 potions of curing {unknown}
 r - 3 potions of degeneration {unknown}
 t - a potion of lignification {unknown}
 w - a potion of magic {unknown}
 x - 5 potions of flight {unknown}
 B - 2 potions of mutation {unknown}
 E - a potion of ambrosia {unknown}
 J - a potion of haste


   Skills:
 - Level 2.0 Fighting
 + Level 2.5 Armour
 - Level 3.3 Dodging
 - Level 3.0 Stealth
 * Level 9.9 Spellcasting
 + Level 5.2 Conjurations
 - Level 1.1 Summonings
 - Level 1.1 Translocations
 + Level 4.0 Fire Magic
 - Level 1.0 Air Magic
 - Level 1.0 Poison Magic
 - Level 1.0 Evocations


You had 15 spell levels left.
You knew the following spells:

 Your Spells              Type           Power        Failure   Level
a - Magic Dart            Conj           100%         1%          1
b - Mephitic Cloud        Conj/Pois/Air  21%          10%         3
c - Call Imp              Summ           15%          9%          2
d - Blink                 Tloc           N/A          9%          2
e - Conjure Flame         Conj/Fire      31%          4%          3

Your spell library contained the following spells:

 Spells                   Type           Power        Failure   Level
 Beastly Appendage        Tmut           20%          9%          1
 Slow                     Hex            10%          14%         2
 Wereblood                Tmut           10%          14%         2
 Spider Form              Tmut/Pois      6%           22%         3
 Ice Form                 Ice/Tmut       10%          65%         4
 Blade Hands              Tmut           5%           94%         5


Dungeon Overview and Level Annotations

Branches:
Dungeon (6/15)            Ossuary (visited)
 Temple: D:4-7

Altars:
Okawaru
Qazlal
Xom
The Shining One


Message History

Reach: s) +2 scythe (vorpal)
Press: ? - help, Dir - move target, f/p - sky beast
Aim: a sky beast (lightly wounded, slightly transparent)
You reach to attack!
You barely miss the sky beast.
The sky beast is lightly wounded.
Reach: s) +2 scythe (vorpal)
Press: ? - help, Dir - move target, f/p - sky beast
Aim: a sky beast (lightly wounded, slightly transparent)
You reach to attack!
You barely miss the sky beast.
The sky beast is lightly wounded.
Reach: s) +2 scythe (vorpal)
Press: ? - help, Dir - move target, f/p - sky beast
Aim: a sky beast (lightly wounded, slightly transparent)
You reach to attack!
You hit the sky beast but do no damage.
The sky beast is lightly wounded.
The sky beast is engulfed in blazing flames.
The sky beast hits you.
* * * LOW HITPOINT WARNING * * *
The sky beast shocks you.
You die...

###.# .... ##### #...#
#..###<. ..#...# #
#......###.#...# #.
###..>...... '...+ #.
#.#....#.#.# ...#
#..#.#......#.# .)######
###.#........#.# #).....#
#............#@# #......#
##..#.#......#Y#####......#
#....<........ยง.)..#).....#
##..#.#.#..........'.)......
#.. #.#.#....#.....#......##
## #.#.###..####..#......#
#.#......# #..#..[...#
#.#####.## #..#......# #.#
#.. ...#...####


You could see a sky beast.

Vanquished Creatures
  Sigmund (D:2)
  Eustachio (D:5)
  Edmund (D:5)
  An orc warrior (D:6)
  An ogre (D:5)
  A centaur (D:5)
  A scorpion (D:2)
  A howler monkey (D:5)
  3 orc priests
  Crazy Yiuf (D:2)
  4 hounds
  A human zombie (Ossuary)
  5 orc wizards
  2 worker ants
  An iguana (D:5)
  A big kobold zombie (Ossuary)
  A hound zombie (D:5)
  2 mummies (Ossuary)
  A howler monkey zombie (D:5)
  4 gnolls
  4 adders
  A shadow imp (D:5)
  A white imp (D:5)
  2 ufetubi
  An adder zombie (Ossuary)
  An adder skeleton (D:5)
  2 worms
  A dart slug (D:2)
  3 leopard geckos
  16 orcs
  5 giant cockroaches
  4 goblins
  3 hobgoblins
  7 jackals
  2 kobolds
  4 quokkas
  7 ball pythons
  8 bats
  6 frilled lizards
  2 goblin zombies (Ossuary)
  13 hobgoblin zombies (Ossuary)
  12 kobold zombies (Ossuary)
  6 orc zombies (Ossuary)
  A quokka skeleton (D:4)
  7 rats
  A rat zombie (Ossuary)
154 creatures vanquished.

Vanquished Creatures (others)
  A jackal (D:5)
1 creature vanquished.

Grand Total: 155 creatures vanquished

Notes
Turn   | Place    | Note
-------+----------+-------------------------------------------
     0 | D:1      | pokeman the Deep Elf Hedge Wizard began the quest for the
                  | Orb.
     0 | D:1      | Reached XP level 1. HP: 10/10 MP: 7/7
   206 | D:1      | Reached XP level 2. HP: 13/16 MP: 0/9
   672 | D:1      | Reached skill level 5 in Spellcasting
   874 | D:1      | Reached XP level 3. HP: 20/20 MP: 8/11
   878 | D:1      | Learned a level 3 spell: Mephitic Cloud
   881 | D:1      | Learned a level 2 spell: Call Imp
   884 | D:1      | Learned a level 2 spell: Blink
   888 | D:1      | Learned a level 3 spell: Conjure Flame
  1241 | D:2      | Noticed a scorpion
  1251 | D:2      | Killed a scorpion
  1252 | D:2      | Reached skill level 1 in Fighting
  1252 | D:2      | Reached skill level 1 in Armour
  1252 | D:2      | Reached XP level 4. HP: 20/25 MP: 5/13
  1348 | D:2      | Found a glowing golden altar of the Shining One.
  1471 | D:2      | Found a shimmering altar of Xom.
  1530 | D:2      | Noticed Sigmund
  1558 | D:2      | Killed Sigmund
  1559 | D:2      | Reached skill level 6 in Spellcasting
  1559 | D:2      | Reached skill level 1 in Fire Magic
  1559 | D:2      | Reached XP level 5. HP: 12/29 MP: 0/16
  1755 | D:2      | Reached XP level 6. HP: 24/34 MP: 10/17
  1866 | D:2      | Found a runed translucent door.
  1867 | D:2      | Noticed Crazy Yiuf
  1877 | D:2      | Killed Crazy Yiuf
  2633 | D:3      | Reached skill level 7 in Spellcasting
  3571 | D:4      | Found a sand-covered staircase.
  3577 | Ossuary  | Entered an ossuary
  3759 | Ossuary  | Reached skill level 1 in Air Magic
  4091 | Ossuary  | Reached skill level 1 in Evocations
  4423 | Ossuary  | Reached XP level 7. HP: 38/38 MP: 17/20
  4936 | D:4      | Reached skill level 1 in Poison Magic
  5483 | D:5      | Entered Level 5 of the Dungeon
  5543 | D:5      | Noticed Eustachio
  5560 | D:5      | Killed Eustachio
  5561 | D:5      | Reached skill level 8 in Spellcasting
  5585 | D:5      | Noticed Edmund
  5595 | D:5      | Killed Edmund
  5720 | D:5      | Reached XP level 8. HP: 38/44 MP: 11/22
  5858 | D:5      | Reached skill level 9 in Spellcasting
  6259 | D:5      | Found an iron altar of Okawaru.
  6518 | D:5      | Reached skill level 5 in Conjurations
  6602 | D:5      | Found a stormy altar of Qazlal.
  6717 | D:6      | Slain by a sky beast

Illustrated notes

Levels and vault maps discovered:
D:1:      scummos_arrival_hexagon, layout_loops_ring
D:2:      layout_loops_ring, lemuel_crystal_altar, xom_butterflies,
          uniq_sigmund, uniq_crazy_yiuf_cottage
D:3:      layout_loops_ring
D:4:      layout_layer_cave, nicolae_ossuary_entry_plus
D:5:      layout_loops_ring, lemuel_coloured_pillars_altar, okawaru_trees_1,
          uniq_eustachio, uniq_edmund
D:6:      layout_basic, nzn_hepliaklqana_mist_gate, minmay_temple_entry_hall

Skill      XL: |  1  2  3  4  5  6  7  8 |
---------------+-------------------------+-----
Spellcasting   | 5 6 7 8 9 |  9.9
Fighting       | 1 2 |  2.0
Armour         | 1 2 |  2.5
Conjurations   | 2 3 4 5 |  5.2
Dodging        | 3 |  3.3
Fire Magic     | 1 2 3 4 |  4.0
Stealth        | 3 |  3.0
Air Magic      | 1 |  1.0
Evocations     | 1 |  1.0
Poison Magic   | 1 |  1.0
Summonings     | |  1.1
Translocations | |  1.1

Action                   |  1- 3 |  4- 6 |  7- 9 || total
-------------------------+-------+-------+-------++-------
Melee: Dagger            |     2 |     3 |       ||     5
       Scythe            |       |    67 |    47 ||   114
 Cast: Magic Dart        |    53 |   108 |   148 ||   309
       Conjure Flame     |     1 |     6 |     3 ||    10
       Mephitic Cloud    |     1 |     4 |     7 ||    12
       Call Imp          |       |     2 |       ||     2
 Stab: Confused          |     1 |     2 |     5 ||     8
       Sleeping          |       |     1 |     1 ||     2
       Distracted        |       |     1 |       ||     1
Armor: Leather armour    |     1 |    41 |    26 ||    68
Dodge: Dodged            |     6 |    52 |    39 ||    97
